 Dungeon Crawl Stone Soup version 0.28.0-49-g6dfe1f597d (webtiles) character file.

Game seed: 3684553748147244213

510 unlimited1921 the Magician (level 6, -9/32 HPs)
             Began as a Deep Elf Air Elementalist on May 18, 2022.
             Shot with an arrow by a centaur (11 damage)
             ... on level 5 of the Dungeon.
             The game lasted 00:23:34 (6866 turns).

unlimited1921 the Magician (DEAE)                   Turns: 6866, Time: 00:23:36

Health: -9/32      AC:  6    Str:  5    XL:     6   Next: 98%
Magic:  16/17      EV: 16    Int: 22    God:
Gold:   198        SH:  0    Dex: 15    Spells: 11/17 levels left

rFire   . . .      SeeInvis .   c - +0 spear
rCold   . . .      Faith    .   (no shield)
rNeg    . . .      Spirit   .   k - +0 leather armour
rPois   .          Reflect  .   j - +0 helmet
rElec   .          Harm     .   (no cloak)
rCorr   .          Rampage  .   (no gloves)
Will    .....                   q - +1 pair of boots
Stlth   ++........              (no amulet)
HPRegen 0.10/turn               s - +4 ring of evasion
MPRegen 0.15/turn               (no ring)

@: no status effects
A: no striking features
a: no special abilities


You were on level 5 of the Dungeon.
You visited 1 branch of the dungeon, and saw 5 of its levels.

You collected 198 gold pieces.

Inventory:

Hand Weapons
 c - a +0 spear (weapon)
 f - a +0 short sword
 v - a +0 hand axe
Missiles
 g - 14 poisoned darts
 h - 125 stones
 m - 62 bolts
Armour
 a - a +0 chain mail
 j - a +0 helmet (worn)
 k - a +0 leather armour (worn)
 o - a +0 scale mail
 q - a +1 pair of boots (worn)
Jewellery
 r - the ring of the Saviour {Ice rElec rPois Will++ Dex-3}
   (You found it on level 3 of the Dungeon)

   [ring of ice]

   It enhances your ice magic.
   Dex:       It affects your dexterity (-3).
   rF:        It makes you vulnerable to fire.
   rC:        It protects you from cold.
   rElec:     It insulates you from electricity.
   rPois:     It protects you from poison.
   Will:      It greatly increases your willpower.
 s - a +4 ring of evasion (left hand)
Wands
 u - a wand of paralysis (6) (quivered)
Scrolls
 b - a scroll of teleportation
Potions
 d - a potion of lignification
 e - 2 potions of magic
 i - 2 potions of flight {unknown}
 l - a potion of cancellation
 n - a potion of invisibility {unknown}
 p - a potion of mutation {unknown}
 t - a potion of might


   Skills:
 + Level 0.1 Fighting
 * Level 2.2 Armour
 + Level 2.6 Dodging
 + Level 3.0 Stealth
 + Level 6.2 Spellcasting
 + Level 3.2 Conjurations
 + Level 4.9 Air Magic


You had 11 spell levels left.
You knew the following spells:

 Your Spells              Type           Power      Damage    Failure   Level
a - Shock                 Conj/Air       96%        1d9       2%          1
b - Static Discharge      Conj/Air       24%        N/A       4%          2
c - Swiftness             Air            28%        N/A       6%          3

Your spell library contained the following spells:

 Spells                   Type           Power      Damage    Failure   Level
 Freeze                   Ice            24%        1d5       14%         1
 Summon Small Mammal      Summ           24%        N/A       14%         1
 Airstrike                Air            14%        N/A       19%         4
 Sublimation of Blood     Necr           6%         N/A       22%         2
 Call Canine Familiar     Summ           6%         N/A       41%         3
 Frozen Ramparts          Ice            12%        1d3       41%         3
 Summon Guardian Golem    Hex/Summ       6%         N/A       41%         3
 Hailstorm                Conj/Ice       14%        3d5       58%         4
 Petrify                  Tmut/Erth      6%         N/A       82%         4
 Irradiate                Conj/Tmut      7%         3d16      90%         5


Dungeon Overview and Level Annotations

Branches:
Dungeon (5/15)
 Temple: D:4-7

Altars:

Shops:
D:5 [


Message History

The scorpion is struck by an arc of lightning!
You kill the scorpion!
You are struck by an arc of lightning.
The lightning grounds out.
Your Stealth skill increases to level 3!
You start resting.
HP restored.
You start resting.
Magic restored.
A centaur comes into view.
You see here 11 gold pieces.
Casting: Static Discharge (safe; 4% risk of failure)
Confirm with . or Enter, or press ? or * to list all spells.
Aiming: Shock (safe; 2% risk of failure)
Press: ? - help, Shift-Dir - straight line, f - centaur
Aim: a centaur, quivering arrows (asleep, 100% to hit)
The zap hits the centaur!
The centaur is moderately wounded.
The centaur wields a +0 shortbow.
The centaur shoots an arrow.
The arrow hits you!
Casting: Shock (safe; 2% risk of failure)
Confirm with . or Enter, or press ? or * to list all spells.
Aiming: Shock (safe; 2% risk of failure)
Press: ? - help, Shift-Dir - straight line, f/p - centaur
Aim: a centaur, wielding a +0 shortbow and quivering arrows (moderately wounded, 84% to hit)
The zap hits the centaur but does no damage.
The centaur is moderately wounded.
The centaur shoots an arrow.
The arrow hits you but does no damage.
The centaur shoots an arrow.
The arrow hits you!
Casting: Shock (safe; 2% risk of failure)
Confirm with . or Enter, or press ? or * to list all spells.
You don't know that spell.
The centaur shoots an arrow.
The arrow completely misses you.
The centaur shoots an arrow.
The arrow hits you!
* * * LOW HITPOINT WARNING * * *
Aiming: Paralyse
Press: ? - help, Q - select action, (/) - cycle Shift-Dir - straight line, f/p - centaur
Aim: a centaur, wielding a +0 shortbow and quivering arrows (moderately wounded, chance to affect: 49%)
The centaur resists with some effort.
The centaur shoots an arrow.
The arrow hits you!
You die...

##### #.<.#
#...# #@..#
#######...#
..........#
#######...#
#$∩.#
..........=....
#######...#####
....c. .......


You could see a centaur.

Vanquished Creatures
  Sigmund (D:4)
  An ogre (D:4)
  A bullfrog (D:4)
  A scorpion (D:5)
  A hound skeleton (D:4)
  5 adders
  An ufetubus (D:3)
  An adder skeleton (D:4)
  A worm (D:2)
  5 dart slugs
  An orc (D:4)
  7 endoplasms
  4 giant cockroaches
  A goblin (D:3)
  6 hobgoblins
  10 kobolds
  3 quokkas
  12 ball pythons
  6 bats
  5 frilled lizards
  9 rats
82 creatures vanquished.

Notes
Turn   | Place    | Note
-------+----------+-------------------------------------------
     0 | D:1      | unlimited1921 the Deep Elf Air Elementalist began the quest
                  | for the Orb.
     0 | D:1      | Reached XP level 1. HP: 10/10 MP: 6/6
   257 | D:1      | Reached XP level 2. HP: 13/15 MP: 1/8
  2057 | D:2      | Found a faded altar of an unknown god.
  2145 | D:2      | Reached XP level 3. HP: 19/19 MP: 5/9
  2480 | D:2      | Reached skill level 4 in Spellcasting
  3358 | D:2      | Reached XP level 4. HP: 23/24 MP: 4/12
  4502 | D:3      | Learned a level 2 spell: Static Discharge
  4654 | D:3      | Identified the ring of the Saviour {Ice rElec rPois Will++
                  | Dex-3}
  5534 | D:4      | Noticed Sigmund
  5534 | D:4      | Noticed an ogre
  5676 | D:4      | Reached XP level 5. HP: 25/28 MP: 4/14
  5755 | D:4      | Killed Sigmund
  5756 | D:4      | Reached skill level 1 in Armour
  5756 | D:4      | Reached skill level 5 in Spellcasting
  5756 | D:4      | Reached XP level 6. HP: 13/32 MP: 1/16
  6020 | D:4      | Learned a level 3 spell: Swiftness
  6315 | D:4      | Reached skill level 6 in Spellcasting
  6798 | D:5      | Entered Level 5 of the Dungeon
  6798 | D:5      | Found Sur Kely's Antique Armour Boutique.
  6866 | D:5      | Shot with an arrow by a centaur

Illustrated notes

Levels and vault maps discovered:
D:1:      ncdulo_smallfort, layout_basic, minmay_pentomino_x4
D:2:      layout_basic, nicolae_ecumenical_pavilion, minmay_lizard_pond
D:3:      layout_basic, grunt_ministairs_12, minmay_checkerbox
D:4:      layout_rooms, uniq_sigmund
D:5:      layout_rooms, beargit_hepliaklqana_dungeon_heroes,
          minmay_temple_entry_sparse_star, serial_shops, shop,
          uniq_blork_the_orc

Skill      XL: |  1  2  3  4  5  6 |
---------------+-------------------+-----
Spellcasting   | 4 5 6 |  6.2
Air Magic      | 4 |  4.9
Conjurations   | 2 3 |  3.2
Armour         | 1 2 |  2.2
Stealth        | 3 |  3.0
Fighting       | |  0.1
Dodging        | |  2.6

Action                   |  1- 3 |  4- 6 || total
-------------------------+-------+-------++-------
Melee: Spear             |     1 |       ||     1
 Cast: Shock             |    94 |    97 ||   191
       Static Discharge  |       |    13 ||    13
Evoke: Wand              |       |     1 ||     1
  Use: Scroll            |       |     5 ||     5
       Potion            |       |     4 ||     4
Armor: Leather armour    |     1 |    12 ||    13
Dodge: Dodged            |     8 |    21 ||    29
